 Dungeon Crawl Stone Soup version 0.23-a0-344-ge122d05 (webtiles) character file.

115 rabbit the Skirmisher (level 5, -2/33 HPs)
             Began as a Gargoyle Fighter on Oct 19, 2018.
             Killed by nerve-wracking pain
             ... invoked by an orc priest
              (4 damage)
             ... on level 3 of the Dungeon.
             The game lasted 00:04:36 (2012 turns).

rabbit the Skirmisher (Gargoyle Fighter)            Turns: 2012, Time: 00:04:37

Health: -2/33      AC: 15    Str: 21    XL:     5   Next: 0%
Magic:  5/5        EV:  5    Int:  8    God:
Gold:   186        SH:  9    Dex:  9    Spells: 4/4 levels left

rFire    . . .     SeeInvis .   a - +0 flail
rCold    . . .     Gourm    .   c - +0 shield
rNeg     + . .     Faith    .   m - +0 chain mail
rPois    ∞         Spirit   .   (no helmet)
rElec    +         Reflect  .   (no cloak)
rCorr    .         Harm     .   g - +1 pair of gloves
MR       .....                  (no boots)
Stlth    ..........             (no amulet)
HPRegen  0.11/turn              (no ring)
MPRegen  0.09/turn              (no ring)

@: very slow
A: negative energy resistance 1, electricity resistance, unbreathing,
petrification resistance, rot immunity, AC +4
a: no special abilities


You were on level 3 of the Dungeon.
You were not hungry.

You visited 1 branch of the dungeon, and saw 3 of its levels.

You collected 186 gold pieces.

Inventory:

Hand Weapons
 a - a +0 flail (weapon)
Missiles
 e - 67 stones (quivered)
Armour
 b - a +0 scale mail
 c - a +0 shield (worn)
 g - a +1 pair of gloves (worn)
 m - a +0 chain mail (worn)
Wands
 u - a wand of scattershot (5)
Scrolls
 h - 5 scrolls of identify {unknown}
 l - a scroll of magic mapping {unknown}
 n - 4 scrolls of teleportation {unknown}
 o - 2 scrolls of enchant weapon {unknown}
 p - a scroll of random uselessness {unknown}
 q - a scroll of immolation {unknown}
 s - a scroll of remove curse {unknown}
Potions
 d - a potion of might
 i - 3 potions of curing {unknown}
 j - a potion of haste {unknown}
 k - a potion of resistance {unknown}
 r - a potion of berserk rage {unknown}
Comestibles
 f - 10 rations
 t - 3 chunks of flesh


   Skills:
 + Level 4.0 Fighting
 * Level 3.4 Maces & Flails
 + Level 4.0 Armour
 + Level 3.9 Shields


You had 4 spell levels left.
You didn't know any spells.
Your spell library was empty.

Dungeon Overview and Level Annotations

Branches:
Dungeon (3/15)

Altars:
Trog

Annotations:
D:3 1 transporter


Innate Abilities, Weirdness & Mutations

You are resistant to torment.
Your stone body is resilient. (AC +4)
You are immune to poison.
You resist negative energy. (rN+)
You are resistant to electric shocks. (rElec)
You can survive without breathing.
You are immune to petrification.
You are immune to rotting.


Message History

The shadow imp grinds its teeth.
The shadow imp shouts, "Remove thy stench, thou puny ditch-delivered pimple!"
The shadow imp grins evilly.
The shadow imp gestures at you. Pain shoots through your body!
The orc priest looks braver for a moment.
There is an open door here.
You enter the shallow water.
Moving in this stuff is going to be slow.
The orc priest invokes the aid of Beogh against you.
Beogh smites you! The shadow imp gestures at you.
Pain shoots through your body!
* * * LOW HITPOINT WARNING * * *
The shadow imp gestures at you. Pain shoots through your body!
* * * LOW HITPOINT WARNING * * *
The orc priest calls down the wrath of Beogh upon you.
Pain shoots through your body!
You die...

.....##...#####
........©.....#
....#########.#
###..#8P$©$P8#.#
######.#..#≈..?..≈#.#
####......#..####+####.#
......###.#..#.≈.(.≈.#.#
...##.###.#..#.≈...≈.#.#
...##.#.)....#.≈@≈≈≈5#.#
...##.....#..#5≈≈♣≈≈.#.##.#
...#.........#5≈≈≈≈≈o#.##.#
...##.##.....#.≈...≈5#.##.#
#####.##.....#.≈...≈.#.##.#
# # #.....####'####.##.#
..... ####..#P.....P#.##.#
##### #..#8P.©.P8#.##.#
#..#########.##.#


You could see an orc priest and 4 shadow imps.

Vanquished Creatures
  A gnoll (D:1)
  4 adders
  An ooze (D:2)
  2 dart slugs
  A leopard gecko (D:2)
  2 orcs (D:3)
  A ball python (D:2)
  12 bats
  3 giant cockroaches
  4 goblins
  8 hobgoblins
  4 jackals (D:2)
  7 kobolds
  3 frilled lizards
  9 rats
62 creatures vanquished.

Notes
Turn   | Place    | Note
-------+----------+-------------------------------------------
     0 | D:1      | rabbit the Gargoyle Fighter began the quest for the Orb.
     0 | D:1      | Reached XP level 1. HP: 14/14 MP: 1/1
    47 | D:1      | Reached XP level 2. HP: 14/19 MP: 2/2
   509 | D:1      | Reached XP level 3. HP: 23/23 MP: 3/3
   834 | D:2      | Reached XP level 4. HP: 26/29 MP: 4/4
  1358 | D:2      | Found a bloodstained altar of Trog.
  1563 | D:3      | Found a faded altar of an unknown god.
  1691 | D:3      | Found a transporter.
  1693 | D:3      | Found a transporter.
  1879 | D:3      | Reached XP level 5. HP: 33/33 MP: 5/5
  2010 | D:3      | HP: 1/33 [shadow imp/nerve-wracking pain (3)]
  2012 | D:3      | Killed from afar by an orc priest

Vault maps used:
D:1:      lightli_iron_boxes
D:2:      lightli_temple_of_fire, first_ration
D:3:      gammafunk_wand_slinger, chequers_ecumenical_altar_simple

Skill      XL: |  1  2  3  4 |
---------------+-------------+-----
Maces & Flails | 3 |  3.4
Fighting       | 4 |  4.0
Armour         | 4 |  4.0
Shields        | |  3.9

Action                   |  1- 3 |  4- 6 || total
-------------------------+-------+-------++-------
Melee: Flail             |    96 |   148 ||   244
  Eat: Chunk             |       |     4 ||     4
Armor: Scale mail        |    87 |     4 ||    91
       Chain mail        |       |    83 ||    83
Dodge: Dodged            |    65 |    38 ||   103
Block: Shield            |    70 |    79 ||   149

Table legend:
 A = Non-vault XP
 B = Vault XP
 C = Vault XP percentage of total XP
 D = Non-vault monster count
 E = Vault monster count
 F = Vault count percentage of total count
                 A         B        C        D         E       F
            +---------+---------+-------+---------+---------+-------
      Total |     165 |       0 |   0.0 |      62 |       0 |   0.0
            +---------+---------+-------+---------+---------+-------
        D:1 |      40 |       0 |   0.0 |      19 |       0 |   0.0
        D:2 |      81 |       0 |   0.0 |      25 |       0 |   0.0
        D:3 |      44 |       0 |   0.0 |      18 |       0 |   0.0
            +---------+---------+-------+---------+---------+-------
